Rangers vs Blue Jackets

Created - 25 mars 2022 at 16:20

Goals
1 2 3 OT1 SO T
Rangers 1 1 0 0 1 3
Blue Jackets 1 0 1 0 0 2
Shots
1 2 3 OT1 SO T
Rangers 13 7 1 1 3 22
Blue Jackets 7 10 15 3 3 35

GoalsPenalties
1st period
1. Rangers , Pierre-Luc Dubois 24 (Kevin Connauton 2, Trevor Zegras 40) at 2:21
2. Blue Jackets , Anthony Mantha 19 (Oliver Bjorkstrand 38, Anthony Cirelli 44) at 16:36
Artturi Lehkonen (CLB) for Roughing (Minor) at 6:09
Matt Dumba (CLB) for Tripping (Minor) at 8:27
2nd period
3. Rangers , Ryan Lindgren 13 (Ryan Reaves 16, Marcus Johansson 28) at 5:20 (PP)
Ryan McDonagh (CLB) for Tripping (Minor) at 0:20
Anthony Mantha (CLB) for Interference (Minor) at 4:51
Bowen Byram (NYR) for Hooking (Minor) at 14:37
3rd period
4. Blue Jackets , Anthony Cirelli 30 (Erik Cernak 27, Anthony Mantha 30) at 7:27
Ryan Lindgren (NYR) for Hooking (Minor) at 0:16
Jordie Benn (NYR) for Hooking (Minor) at 9:30
Kevin Connauton (NYR) for High sticking (Minor) at 14:13
Overtime #1
No Goal
Shootout
Rangers, Pierre-Luc Dubois - Stopped by Marc-Andre Fleury
Blue Jackets, Ryan O'Reilly - Shot Misses the Net
Rangers, Pat Maroon - Stopped by Marc-Andre Fleury
Blue Jackets, Anthony Cirelli - Stopped by Igor Shesterkin
Rangers, Trevor Zegras - Goal!
Blue Jackets, Steven Stamkos - Stopped by Igor Shesterkin
Goalie Stats
Igor Shesterkin (NYR), 33 saves from 35 shots - (0,943), W, 18-28-3, 65:00 minutes
Marc-Andre Fleury (CLB), 20 saves from 22 shots - (0,909), OTL, 32-28-5, 65:00 minutes
3 StarsOfficial
1 - Anthony Cirelli (CLB)
2 - Pierre-Luc Dubois (NYR)
3 - Anthony Mantha (CLB)
Referees : Kevin Pollock and Dan O'Halloran
Linesman : Ryan Gibbons and Michel Cormier
Game Note
No Game Note



Team Name Goals Shots Shots Attemp Shots Blocked PIM HIT PP PK FO%
Rangers 32252138301 / 4 (25%)037%
Blue Jackets 2358048200 / 4 (0%)163%

Rangers
Player Name POS G A P +/- PIM HIT SHT SB MP PP MP PP SHT PK MP PK SHT FO% FOT
Alex ChiassonLW/RW000-1002010:420:0000:000100% 1
Bowen ByramD000-1240124:293:1503:3300% 0
Dylan CoghlanD0000010014:530:0002:0600% 0
Jeff SkinnerLW0000003121:193:1123:5200% 3
Joel KivirantaLW000001015:370:0000:0000% 0
Jordie BennD0000210218:350:0000:0000% 0
Kevin ConnautonD0110201217:023:1513:1600% 0
Kyle OkposoLW/RW000-1011110:420:0000:0000% 0
Kyle TurrisC/LW/RW000000005:370:0000:00050% 8
Marcus JohanssonC/LW0110002122:583:3813:52035% 26
Nils HoglanderLW/RW0000003019:032:4820:0000% 3
Pat MaroonLW0000033112:292:4814:04133% 6
Pierre-Luc DuboisC1010062024:183:3804:04042% 33
Ryan LindgrenD101-1233224:493:1123:3600% 0
Ryan ReavesRW0110080019:273:3800:0000% 4
Samuel GirardD0000010021:570:0003:2100% 0
Trevor ZegrasC0110012120:062:4800:00057% 7
Wayne SimmondsLW/RW000-1000012:570:0000:00033% 9
Blue Jackets
Player Name POS G A P +/- PIM HIT SHT SB MP PP MP PP SHT PK MP PK SHT FO% FOT
Alec MartinezD0001000016:370:0001:0500% 0
Anthony CirelliC1122029018:183:3010:00066% 35
Anthony ManthaLW/RW1122214017:483:3000:250100% 1
Artturi LehkonenLW/RW0000201013:110:0002:5000% 0
Brian BoyleC/LW000000005:480:0000:00067% 6
Cedric PaquetteC/RW0000040014:150:0003:53056% 16
Chris KreiderLW/RW000-1043022:074:2620:00050% 2
David SavardD0001021021:534:0514:0600% 0
Erik CernakD0111032121:454:0502:0800% 0
Marco ScandellaD0001001012:380:0000:2500% 0
Mathieu JosephRW0000000012:330:0000:000100% 1
Matt DumbaD000-1211125:263:5102:2300% 0
Matt MartinLW/RW000000105:480:0000:0000% 0
Nicolas DeslauriersLW/RW000000005:480:0000:0000% 0
Oliver BjorkstrandLW/RW0112002019:583:3002:3300% 3
Ryan McDonaghD000-1223226:393:5112:4500% 0
Ryan O'ReillyC000-1001021:584:2600:00076% 29
Steven StamkosC/LW/RW000-1016026:004:2613:11029% 7

Rangers

5 vs 5 Forward
Line #Left WingCenterRight WingPHYDFOFWanted %Time %Time Play
1Trevor ZegrasPierre-Luc DuboisNils Hoglander0233333%15:03
2Jeff SkinnerMarcus JohanssonRyan Reaves0323031%14:16
3Kyle OkposoWayne SimmondsAlex Chiasson1312223%10:42
4Joel KivirantaKyle TurrisPat Maroon2211512%5:37
5 vs 5 Defense
Line #DefenseDefensePHYDFOFWanted %Time %Time Play
1Ryan LindgrenBowen Byram0324036%16:30
2Samuel GirardJordie Benn0324041%18:36
3Dylan CoghlanKevin Connauton1402023%10:32
4Bowen ByramRyan Lindgren12200%0:00
Power Play Forward
Line #Left WingCenterRight WingPHYDFOFWanted %Time %Time Play
1Pat MaroonTrevor ZegrasNils Hoglander0145044%2:48
2Marcus JohanssonPierre-Luc DuboisRyan Reaves0145056%3:38
Power Play Defense
Line #DefenseDefensePHYDFOFWanted %Time %Time Play
1Kevin ConnautonBowen Byram0145051%3:15
2Jeff SkinnerRyan Lindgren0235049%3:11
Penalty Kill 4 Players Forward
Line #CenterWingPHYDFOFWanted %Time %Time Play
1Marcus JohanssonJeff Skinner0415049%3:52
2Pat MaroonPierre-Luc Dubois0415051%4:04
Penalty Kill 4 Players Defense
Line #DefenseDefensePHYDFOFWanted %Time %Time Play
1Ryan LindgrenBowen Byram0325055%4:20
2Kevin ConnautonSamuel Girard0415045%3:36
Penalty Kill 3 Players
Line #WingPHYDFOFWanted %Time %Time PlayDefenseDefensePHYDFOFWanted %Time %Time Play
1Marcus Johansson140500%0:00 Bowen ByramRyan Lindgren140500%0:00
2Pat Maroon140500%0:00 Kevin ConnautonJordie Benn140500%0:00
4 vs 4 Forward
Line #CenterWingPHYDFOFWanted %Time %Time Play
1Trevor ZegrasJoel Kiviranta023500%0:00
2Marcus JohanssonPierre-Luc Dubois023500%0:00
4 vs 4 Defense
Line #DefensePHYDFOFWanted %Time %Time Play
1Jordie BennKevin Connauton023500%0:00
2Ryan LindgrenBowen Byram032500%0:00
Last Minutes Offensive
Left WingCenterRight WingDefenseDefense
Nils HoglanderPierre-Luc DuboisJeff SkinnerTrevor ZegrasKevin Connauton
Last Minutes Defensive
Left WingCenterRight WingDefenseDefense
Wayne SimmondsMarcus JohanssonRyan ReavesRyan LindgrenJordie Benn
Time
Total ForwardTotal DefenseLast Minutes OffensiveLast Minutes Defensive
60:00 60:00 0:000:00
Extra Forwards
Normal PowerPlayPenalty Kill
Trevor Zegras, Marcus Johansson, Pierre-Luc DuboisPierre-Luc Dubois, Pat MaroonMarcus Johansson
Extra Defensemen
Normal PowerPlayPenalty Kill
Ryan Lindgren, Kevin Connauton, Bowen ByramRyan Lindgren, Ryan LindgrenBowen Byram
Penalty Shots
Pierre-Luc Dubois, Pat Maroon, Trevor Zegras, Marcus Johansson, Ryan Lindgren
Goalie
Igor Shesterkin, Keith Kinkaid
Custom OT Lines Forwards
Wayne Simmonds, Trevor Zegras, Ryan Reaves, Pierre-Luc Dubois, Nils Hoglander, Marcus Johansson, Pat Maroon, Joel Kiviranta, Alex Chiasson, Jeff Skinner
Custom OT Lines Defensemen
Dylan Coghlan, Ryan Lindgren, Bowen Byram, Samuel Girard, Kevin Connauton
Scratches
Gabriel Vilardi (Right Eye Injury), Alexandre Carrier (Healthy)

Blue Jackets

5 vs 5 Forward
Line #Left WingCenterRight WingPHYDFOFWanted %Time %Time Play
1Chris KreiderRyan O'ReillySteven Stamkos1223936%16:12
2Anthony ManthaAnthony CirelliOliver Bjorkstrand1223429%13:16
3Artturi LehkonenCedric PaquetteMathieu Joseph1221723%10:22
4Matt MartinBrian BoyleNicolas Deslauriers1221013%5:48
5 vs 5 Defense
Line #DefenseDefensePHYDFOFWanted %Time %Time Play
1Ryan McDonaghMatt Dumba1224039%17:53
2Erik CernakAlec Martinez1223534%15:32
3Marco ScandellaDavid Savard1222527%12:13
4Marco ScandellaDavid Savard12200%0:00
Power Play Forward
Line #Left WingCenterRight WingPHYDFOFWanted %Time %Time Play
1Chris KreiderRyan O'ReillySteven Stamkos1226056%4:26
2Oliver BjorkstrandAnthony CirelliAnthony Mantha1224044%3:30
Power Play Defense
Line #DefenseDefensePHYDFOFWanted %Time %Time Play
1Ryan McDonaghMatt Dumba1225049%3:51
2Erik CernakDavid Savard1225051%4:05
Penalty Kill 4 Players Forward
Line #CenterWingPHYDFOFWanted %Time %Time Play
1Cedric PaquetteArtturi Lehkonen1225060%3:53
2Steven StamkosOliver Bjorkstrand1225040%2:33
Penalty Kill 4 Players Defense
Line #DefenseDefensePHYDFOFWanted %Time %Time Play
1Ryan McDonaghMatt Dumba1225067%4:18
2David SavardErik Cernak1225033%2:08
Penalty Kill 3 Players
Line #WingPHYDFOFWanted %Time %Time PlayDefenseDefensePHYDFOFWanted %Time %Time Play
1Cedric Paquette122500%0:00 Ryan McDonaghDavid Savard122500%0:00
2Anthony Cirelli122500%0:00 Matt DumbaErik Cernak122500%0:00
4 vs 4 Forward
Line #CenterWingPHYDFOFWanted %Time %Time Play
1Ryan O'ReillyAnthony Mantha122500%0:00
2Anthony CirelliOliver Bjorkstrand122500%0:00
4 vs 4 Defense
Line #DefensePHYDFOFWanted %Time %Time Play
1Ryan McDonaghDavid Savard122500%0:00
2Matt DumbaErik Cernak122500%0:00
Last Minutes Offensive
Left WingCenterRight WingDefenseDefense
Chris KreiderRyan O'ReillySteven StamkosRyan McDonaghMatt Dumba
Last Minutes Defensive
Left WingCenterRight WingDefenseDefense
Cedric PaquetteAnthony CirelliArtturi LehkonenRyan McDonaghDavid Savard
Time
Total ForwardTotal DefenseLast Minutes OffensiveLast Minutes Defensive
60:00 60:00 0:000:00
Extra Forwards
Normal PowerPlayPenalty Kill
Mathieu Joseph, Steven Stamkos, Oliver BjorkstrandMathieu Joseph, Steven StamkosSteven Stamkos
Extra Defensemen
Normal PowerPlayPenalty Kill
David Savard, Erik Cernak, Matt DumbaRyan McDonagh, Ryan McDonaghMatt Dumba
Penalty Shots
Ryan O'Reilly, Anthony Cirelli, Steven Stamkos, Chris Kreider, Mathieu Joseph
Goalie
Marc-Andre Fleury, John Gibson
Custom OT Lines Forwards
Steven Stamkos, Mathieu Joseph, Anthony Cirelli, Chris Kreider, Ryan O'Reilly, Anthony Mantha, Oliver Bjorkstrand, Artturi Lehkonen, Matt Martin, Cedric Paquette
Custom OT Lines Defensemen
Ryan McDonagh, David Savard, Matt Dumba, Erik Cernak, Alec Martinez
Scratches
Brent Seabrook (Healthy), Steven Lorentz (Healthy)


Play-by-Play

1st period


0:01 of 1st period - Pierre-Luc Dubois wins face-off versus Chris Kreider in neutral zone.
0:07 of 1st period - Icing by Ryan McDonagh.
0:08 of 1st period - Ryan O'Reilly wins face-off versus Marcus Johansson in Blue Jackets zone.
0:30 of 1st period - Matt Dumba is hit by Samuel Girard and loses puck.
0:47 of 1st period - Chris Kreider is hit by Ryan Reaves and loses puck.
1:19 of 1st period - Wayne Simmonds is hit by Ryan McDonagh.
1:53 of 1st period - Shot by Trevor Zegras.
1:53 of 1st period - Shot Misses the Net.
1:55 of 1st period - Shot by Trevor Zegras.
1:55 of 1st period - Deflect By Nils Hoglander.
1:55 of 1st period - Shot Misses the Net.
1:57 of 1st period - Shot by Nils Hoglander.
1:57 of 1st period - Shot Misses the Net.
2:14 of 1st period - Trevor Zegras is hit by Ryan McDonagh and loses puck.
2:17 of 1st period - Shot by Pierre-Luc Dubois.
2:17 of 1st period - Shot Misses the Net.
2:19 of 1st period - Shot by Kevin Connauton.
2:19 of 1st period - Shot Misses the Net.
2:21 of 1st period - Shot by Pierre-Luc Dubois.
2:21 of 1st period - Goal by Pierre-Luc Dubois - Rangers : 1 - Blue Jackets : 0.
2:22 of 1st period - Anthony Cirelli wins face-off versus Kyle Turris in neutral zone.
2:34 of 1st period - Joel Kiviranta is hit by Erik Cernak and loses puck.
2:55 of 1st period - Shot by Pat Maroon.
2:55 of 1st period - Stopped by Marc-Andre Fleury without a rebound.
2:56 of 1st period - Cedric Paquette wins face-off versus Marcus Johansson in Blue Jackets zone.
3:06 of 1st period - Artturi Lehkonen is hit by Bowen Byram and loses puck.
3:15 of 1st period - Cedric Paquette is hit by Ryan Reaves and loses puck.
3:22 of 1st period - Shot by Ryan Reaves.
3:22 of 1st period - Shot Misses the Net.
3:28 of 1st period - Shot by Marcus Johansson.
3:28 of 1st period - Shot Misses the Net.
3:34 of 1st period - Shot by Jeff Skinner.
3:34 of 1st period - Stopped by Marc-Andre Fleury without a rebound.
3:35 of 1st period - Anthony Cirelli wins face-off versus Nils Hoglander in Blue Jackets zone.
3:37 of 1st period - Erik Cernak is hit by Pierre-Luc Dubois.
3:39 of 1st period - Shot by Oliver Bjorkstrand.
3:39 of 1st period - Stopped by Igor Shesterkin without a rebound.
3:40 of 1st period - Anthony Cirelli wins face-off versus Pierre-Luc Dubois in Rangers zone.
3:44 of 1st period - Icing by Dylan Coghlan.
3:45 of 1st period - Pierre-Luc Dubois wins face-off versus Anthony Cirelli in Rangers zone.
3:52 of 1st period - Kevin Connauton is hit by Anthony Cirelli.
4:11 of 1st period - Icing by Trevor Zegras.
4:12 of 1st period - Brian Boyle wins face-off versus Pierre-Luc Dubois in Rangers zone.
4:12 of 1st period - David Savard is hit by Dylan Coghlan and loses puck.
5:08 of 1st period - Icing by Alec Martinez.
5:09 of 1st period - Anthony Cirelli wins face-off versus Kyle Turris in Blue Jackets zone.
5:19 of 1st period - Off-side.
5:20 of 1st period - Cedric Paquette wins face-off versus Marcus Johansson in neutral zone.
6:09 of 1st period - Minor Penalty to Artturi Lehkonen for Roughing.
6:10 of 1st period - Trevor Zegras wins face-off versus Steven Stamkos in Blue Jackets zone.
6:47 of 1st period - Shot by Nils Hoglander.
6:47 of 1st period - Stopped by Marc-Andre Fleury without a rebound.
6:48 of 1st period - Cedric Paquette wins face-off versus Pierre-Luc Dubois in Blue Jackets zone.
7:04 of 1st period - Off-side.
7:05 of 1st period - Trevor Zegras wins face-off versus Cedric Paquette in neutral zone.
7:16 of 1st period - Shot by Nils Hoglander.
7:16 of 1st period - Stopped by Marc-Andre Fleury without a rebound.
7:17 of 1st period - Pierre-Luc Dubois wins face-off versus Steven Stamkos in Blue Jackets zone.
7:18 of 1st period - Shot by Marcus Johansson.
7:18 of 1st period - Shot Misses the Net.
7:32 of 1st period - Shot by Jeff Skinner.
7:32 of 1st period - Stopped by Marc-Andre Fleury without a rebound.
7:33 of 1st period - Cedric Paquette wins face-off versus Trevor Zegras in Blue Jackets zone.
7:58 of 1st period - Shot by Pat Maroon.
7:58 of 1st period - Stopped by Marc-Andre Fleury without a rebound.
7:59 of 1st period - Pierre-Luc Dubois wins face-off versus Cedric Paquette in Blue Jackets zone.
8:00 of 1st period - Shot by Jeff Skinner.
8:00 of 1st period - Stopped by Marc-Andre Fleury without a rebound.
8:01 of 1st period - Pierre-Luc Dubois wins face-off versus Cedric Paquette in Blue Jackets zone.
8:06 of 1st period - Shot by Marcus Johansson.
8:06 of 1st period - Stopped by Marc-Andre Fleury without a rebound.
8:07 of 1st period - Pierre-Luc Dubois wins face-off versus Steven Stamkos in Blue Jackets zone.
8:08 of 1st period - Shot by Marcus Johansson.
8:08 of 1st period - Deflect By Pierre-Luc Dubois.
8:08 of 1st period - Shot Blocked by Erik Cernak.
8:14 of 1st period - Shot by Alex Chiasson.
8:14 of 1st period - Stopped by Marc-Andre Fleury with a rebound.
8:16 of 1st period - Shot by Alex Chiasson.
8:16 of 1st period - Shot Misses the Net.
8:27 of 1st period - Minor Penalty to Matt Dumba for Tripping.
8:28 of 1st period - Pierre-Luc Dubois wins face-off versus Cedric Paquette in Blue Jackets zone.
8:34 of 1st period - Ryan Reaves is hit by David Savard and loses puck.
9:35 of 1st period - Shot by Kevin Connauton.
9:35 of 1st period - Stopped by Marc-Andre Fleury with a rebound.
9:37 of 1st period - Shot by Nils Hoglander.
9:37 of 1st period - Shot Misses the Net.
9:49 of 1st period - Ryan McDonagh is hit by Pat Maroon and loses puck.
9:57 of 1st period - Shot by Trevor Zegras.
9:57 of 1st period - Shot Misses the Net.
10:18 of 1st period - Icing by Marcus Johansson.
10:19 of 1st period - Pierre-Luc Dubois wins face-off versus Steven Stamkos in Rangers zone.
10:19 of 1st period - Pierre-Luc Dubois is hit by Steven Stamkos.
10:25 of 1st period - Alec Martinez is hit by Ryan Reaves.
10:31 of 1st period - Shot by Erik Cernak.
10:31 of 1st period - Stopped by Igor Shesterkin with a rebound.
10:39 of 1st period - Erik Cernak is hit by Kyle Okposo.
10:43 of 1st period - Shot by Alec Martinez.
10:43 of 1st period - Shot Misses the Net.
10:52 of 1st period - Samuel Girard is hit by Erik Cernak and loses puck.
10:59 of 1st period - Shot by Wayne Simmonds.
10:59 of 1st period - Deflect By Kyle Okposo.
10:59 of 1st period - Shot Misses the Net.
11:44 of 1st period - Icing by Ryan O'Reilly.
11:45 of 1st period - Pierre-Luc Dubois wins face-off versus Ryan O'Reilly in Blue Jackets zone.
12:00 of 1st period - Shot by Ryan O'Reilly.
12:00 of 1st period - Shot Misses the Net.
12:08 of 1st period - Ryan McDonagh is hit by Pierre-Luc Dubois.
12:35 of 1st period - Icing by Ryan Lindgren.
12:36 of 1st period - Anthony Cirelli wins face-off versus Pierre-Luc Dubois in Rangers zone.
12:42 of 1st period - Off-side.
12:43 of 1st period - Anthony Cirelli wins face-off versus Jeff Skinner in neutral zone.
13:03 of 1st period - Shot by Anthony Cirelli.
13:03 of 1st period - Deflect By Anthony Mantha.
13:03 of 1st period - Shot Misses the Net.
13:35 of 1st period - Icing by Jeff Skinner.
13:36 of 1st period - Ryan O'Reilly wins face-off versus Marcus Johansson in Rangers zone.
14:47 of 1st period - Icing by Samuel Girard.
14:48 of 1st period - Marcus Johansson wins face-off versus Anthony Cirelli in Rangers zone.
15:10 of 1st period - Icing by Ryan Lindgren.
15:11 of 1st period - Pierre-Luc Dubois wins face-off versus Cedric Paquette in Rangers zone.
15:31 of 1st period - Shot by Pierre-Luc Dubois.
15:31 of 1st period - Stopped by Marc-Andre Fleury without a rebound.
15:32 of 1st period - Kyle Turris wins face-off versus Anthony Cirelli in Blue Jackets zone.
15:38 of 1st period - Icing by Erik Cernak.
15:39 of 1st period - Kyle Turris wins face-off versus Anthony Cirelli in Blue Jackets zone.
15:48 of 1st period - Shot by Anthony Cirelli.
15:48 of 1st period - Stopped by Igor Shesterkin without a rebound.
15:49 of 1st period - Ryan O'Reilly wins face-off versus Pierre-Luc Dubois in Rangers zone.
16:22 of 1st period - Shot by Ryan McDonagh.
16:22 of 1st period - Deflect By Steven Stamkos.
16:22 of 1st period - Shot Misses the Net.
16:24 of 1st period - Shot by Matt Dumba.
16:24 of 1st period - Stopped by Igor Shesterkin without a rebound.
16:25 of 1st period - Wayne Simmonds wins face-off versus Anthony Cirelli in Rangers zone.
16:25 of 1st period - Dylan Coghlan is hit by Anthony Mantha and loses puck.
16:34 of 1st period - Shot by Anthony Mantha.
16:34 of 1st period - Deflect By Oliver Bjorkstrand.
16:34 of 1st period - Shot Blocked by Kyle Okposo.
16:36 of 1st period - Shot by Anthony Mantha.
16:36 of 1st period - Goal by Anthony Mantha - Rangers : 1 - Blue Jackets : 1.
16:37 of 1st period - Kyle Turris wins face-off versus Cedric Paquette in neutral zone.
18:32 of 1st period - Shot by Steven Stamkos.
18:32 of 1st period - Stopped by Igor Shesterkin with a rebound.
18:34 of 1st period - Shot by David Savard.
18:34 of 1st period - Shot Blocked by Ryan Lindgren.
18:36 of 1st period - Shot by Marco Scandella.
18:36 of 1st period - Stopped by Igor Shesterkin without a rebound.
18:37 of 1st period - Wayne Simmonds wins face-off versus Brian Boyle in Rangers zone.
19:18 of 1st period - Shot by Kyle Okposo.
19:18 of 1st period - Stopped by Marc-Andre Fleury without a rebound.
19:19 of 1st period - Ryan O'Reilly wins face-off versus Jeff Skinner in Blue Jackets zone.
19:50 of 1st period - Dylan Coghlan is hit by Chris Kreider and loses puck.
Goals for this period are 1 for Rangers vs 1 for Blue Jackets.
Shots for this period are 13 for Rangers vs 7 for Blue Jackets.

2nd period


0:01 of 2nd period - Anthony Cirelli wins face-off versus Trevor Zegras in neutral zone.
0:20 of 2nd period - Minor Penalty to Ryan McDonagh for Tripping.
0:21 of 2nd period - Steven Stamkos wins face-off versus Pierre-Luc Dubois in Blue Jackets zone.
0:21 of 2nd period - Steven Stamkos is hit by Ryan Reaves.
0:37 of 2nd period - Artturi Lehkonen is hit by Ryan Reaves.
1:30 of 2nd period - Matt Dumba is hit by Pat Maroon and loses puck.
1:41 of 2nd period - Shot by Jeff Skinner.
1:41 of 2nd period - Shot Misses the Net.
1:43 of 2nd period - Shot by Ryan Lindgren.
1:43 of 2nd period - Shot Misses the Net.
1:45 of 2nd period - Shot by Ryan Lindgren.
1:45 of 2nd period - Stopped by Marc-Andre Fleury with a rebound.
2:56 of 2nd period - Alex Chiasson is hit by Erik Cernak and loses puck.
3:29 of 2nd period - Shot by Pat Maroon.
3:29 of 2nd period - Shot Misses the Net.
4:51 of 2nd period - Minor Penalty to Anthony Mantha for Interference.
4:52 of 2nd period - Cedric Paquette wins face-off versus Pierre-Luc Dubois in Blue Jackets zone.
4:52 of 2nd period - Cedric Paquette is hit by Pierre-Luc Dubois.
5:16 of 2nd period - Shot by Marcus Johansson.
5:16 of 2nd period - Shot Misses the Net.
5:18 of 2nd period - Shot by Ryan Reaves.
5:18 of 2nd period - Shot Misses the Net.
5:20 of 2nd period - Shot by Ryan Lindgren.
5:20 of 2nd period - Goal by Ryan Lindgren - Rangers : 2 - Blue Jackets : 1.
5:21 of 2nd period - Ryan O'Reilly wins face-off versus Wayne Simmonds in neutral zone.
5:34 of 2nd period - Shot by Steven Stamkos.
5:34 of 2nd period - Shot Blocked by Jordie Benn.
5:54 of 2nd period - Shot by Steven Stamkos.
5:54 of 2nd period - Stopped by Igor Shesterkin without a rebound.
5:55 of 2nd period - Pierre-Luc Dubois wins face-off versus Oliver Bjorkstrand in Rangers zone.
6:05 of 2nd period - Icing by Ryan McDonagh.
6:06 of 2nd period - Anthony Cirelli wins face-off versus Marcus Johansson in Blue Jackets zone.
6:06 of 2nd period - Anthony Cirelli is hit by Ryan Reaves.
6:17 of 2nd period - Icing by Marcus Johansson.
6:18 of 2nd period - Marcus Johansson wins face-off versus Ryan O'Reilly in Rangers zone.
6:35 of 2nd period - Marco Scandella is hit by Bowen Byram.
6:37 of 2nd period - Shot by Chris Kreider.
6:37 of 2nd period - Deflect By Steven Stamkos.
6:37 of 2nd period - Shot Misses the Net.
6:46 of 2nd period - Icing by David Savard.
6:47 of 2nd period - Ryan O'Reilly wins face-off versus Pierre-Luc Dubois in Blue Jackets zone.
6:47 of 2nd period - Ryan O'Reilly is hit by Pierre-Luc Dubois.
7:30 of 2nd period - Off-side.
7:31 of 2nd period - Anthony Cirelli wins face-off versus Jeff Skinner in neutral zone.
7:38 of 2nd period - Icing by Jeff Skinner.
7:39 of 2nd period - Marcus Johansson wins face-off versus Anthony Cirelli in Rangers zone.
8:09 of 2nd period - Icing by Anthony Mantha.
8:10 of 2nd period - Anthony Cirelli wins face-off versus Pierre-Luc Dubois in Blue Jackets zone.
8:23 of 2nd period - Shot by Anthony Cirelli.
8:23 of 2nd period - Shot Hit the Post.
8:25 of 2nd period - Shot by Anthony Cirelli.
8:25 of 2nd period - Shot Misses the Net.
8:27 of 2nd period - Shot by Ryan McDonagh.
8:27 of 2nd period - Shot Misses the Net.
8:49 of 2nd period - Shot by Artturi Lehkonen.
8:49 of 2nd period - Shot Misses the Net.
8:51 of 2nd period - Shot by Erik Cernak.
8:51 of 2nd period - Stopped by Igor Shesterkin without a rebound.
8:52 of 2nd period - Ryan O'Reilly wins face-off versus Marcus Johansson in Rangers zone.
9:57 of 2nd period - Marcus Johansson is hit by Cedric Paquette and loses puck.
10:16 of 2nd period - Shot by Alex Chiasson.
10:16 of 2nd period - Stopped by Marc-Andre Fleury without a rebound.
10:17 of 2nd period - Anthony Cirelli wins face-off versus Pierre-Luc Dubois in Blue Jackets zone.
10:17 of 2nd period - Anthony Cirelli is hit by Pierre-Luc Dubois.
10:27 of 2nd period - Shot by Anthony Mantha.
10:27 of 2nd period - Shot Misses the Net.
10:37 of 2nd period - Shot by Trevor Zegras.
10:37 of 2nd period - Shot Misses the Net.
10:50 of 2nd period - Shot by Anthony Cirelli.
10:50 of 2nd period - Shot Blocked by Trevor Zegras.
10:52 of 2nd period - Shot by Anthony Cirelli.
10:52 of 2nd period - Stopped by Igor Shesterkin with a rebound.
10:54 of 2nd period - Shot by Ryan McDonagh.
10:54 of 2nd period - Stopped by Igor Shesterkin without a rebound.
10:55 of 2nd period - Cedric Paquette wins face-off versus Wayne Simmonds in Rangers zone.
12:16 of 2nd period - Shot by Joel Kiviranta.
12:16 of 2nd period - Shot Misses the Net.
12:18 of 2nd period - Shot by Pat Maroon.
12:18 of 2nd period - Deflect By Kyle Turris.
12:18 of 2nd period - Shot Misses the Net.
12:28 of 2nd period - Nils Hoglander is hit by Cedric Paquette.
12:40 of 2nd period - Shot by Trevor Zegras.
12:40 of 2nd period - Stopped by Marc-Andre Fleury without a rebound.
12:41 of 2nd period - Ryan O'Reilly wins face-off versus Marcus Johansson in Blue Jackets zone.
12:57 of 2nd period - Shot by Steven Stamkos.
12:57 of 2nd period - Shot Blocked by Jordie Benn.
12:59 of 2nd period - Shot by Ryan McDonagh.
12:59 of 2nd period - Shot Blocked by Jeff Skinner.
13:01 of 2nd period - Shot by Chris Kreider.
13:01 of 2nd period - Shot Misses the Net.
13:03 of 2nd period - Shot by Ryan O'Reilly.
13:03 of 2nd period - Stopped by Igor Shesterkin with a rebound.
13:44 of 2nd period - Icing by Nils Hoglander.
13:45 of 2nd period - Anthony Mantha wins face-off versus Pierre-Luc Dubois in Rangers zone.
13:46 of 2nd period - Shot by Anthony Cirelli.
13:46 of 2nd period - Shot Misses the Net.
14:02 of 2nd period - Icing by Trevor Zegras.
14:03 of 2nd period - Brian Boyle wins face-off versus Nils Hoglander in Rangers zone.
14:12 of 2nd period - Shot by Matt Martin.
14:12 of 2nd period - Shot Blocked by Kevin Connauton.
14:37 of 2nd period - Minor Penalty to Bowen Byram for Hooking.
14:38 of 2nd period - Ryan O'Reilly wins face-off versus Marcus Johansson in Rangers zone.
14:38 of 2nd period - Ryan O'Reilly is hit by Ryan Lindgren.
15:22 of 2nd period - Shot by Chris Kreider.
15:22 of 2nd period - Stopped by Igor Shesterkin without a rebound.
15:23 of 2nd period - Anthony Cirelli wins face-off versus Marcus Johansson in Rangers zone.
15:34 of 2nd period - Shot by Anthony Cirelli.
15:34 of 2nd period - Stopped by Igor Shesterkin without a rebound.
15:35 of 2nd period - Anthony Cirelli wins face-off versus Pat Maroon in Rangers zone.
16:16 of 2nd period - Shot by David Savard.
16:16 of 2nd period - Stopped by Igor Shesterkin without a rebound.
16:17 of 2nd period - Ryan O'Reilly wins face-off versus Pat Maroon in Rangers zone.
16:30 of 2nd period - Shot by Ryan O'Reilly.
16:30 of 2nd period - Shot Blocked by Pat Maroon.
17:07 of 2nd period - Off-side.
17:08 of 2nd period - Ryan O'Reilly wins face-off versus Marcus Johansson in neutral zone.
17:15 of 2nd period - Icing by Ryan Lindgren.
17:16 of 2nd period - Anthony Cirelli wins face-off versus Ryan Reaves in Rangers zone.
17:39 of 2nd period - Shot by Ryan Lindgren.
17:39 of 2nd period - Stopped by Marc-Andre Fleury without a rebound.
17:40 of 2nd period - Ryan O'Reilly wins face-off versus Pierre-Luc Dubois in Blue Jackets zone.
17:52 of 2nd period - Icing by Trevor Zegras.
17:53 of 2nd period - Pierre-Luc Dubois wins face-off versus Anthony Cirelli in Rangers zone.
17:58 of 2nd period - Shot by Trevor Zegras.
17:58 of 2nd period - Shot Blocked by Ryan McDonagh.
18:00 of 2nd period - Shot by Dylan Coghlan.
18:00 of 2nd period - Shot Misses the Net.
18:02 of 2nd period - Shot by Nils Hoglander.
18:02 of 2nd period - Stopped by Marc-Andre Fleury without a rebound.
18:03 of 2nd period - Ryan O'Reilly wins face-off versus Marcus Johansson in Blue Jackets zone.
18:21 of 2nd period - Shot by Marcus Johansson.
18:21 of 2nd period - Stopped by Marc-Andre Fleury with a rebound.
19:08 of 2nd period - Shot by Anthony Cirelli.
19:08 of 2nd period - Stopped by Igor Shesterkin with a rebound.
19:10 of 2nd period - Shot by Anthony Mantha.
19:10 of 2nd period - Stopped by Igor Shesterkin without a rebound.
19:11 of 2nd period - Mathieu Joseph wins face-off versus Pierre-Luc Dubois in Rangers zone.
19:37 of 2nd period - Nils Hoglander is hit by David Savard and loses puck.
Goals for this period are 1 for Rangers vs 0 for Blue Jackets.
Shots for this period are 7 for Rangers vs 10 for Blue Jackets.

3rd period


0:01 of 3rd period - Anthony Cirelli wins face-off versus Pierre-Luc Dubois in neutral zone.
0:16 of 3rd period - Minor Penalty to Ryan Lindgren for Hooking.
0:17 of 3rd period - Ryan O'Reilly wins face-off versus Marcus Johansson in Rangers zone.
1:24 of 3rd period - Dylan Coghlan is hit by Anthony Cirelli and loses puck.
1:34 of 3rd period - Icing by Anthony Cirelli.
1:35 of 3rd period - Pat Maroon wins face-off versus Oliver Bjorkstrand in Blue Jackets zone.
1:36 of 3rd period - Shot by Pierre-Luc Dubois.
1:36 of 3rd period - Deflect By Pat Maroon.
1:36 of 3rd period - Shot Blocked by Matt Dumba.
1:52 of 3rd period - Shot by Ryan McDonagh.
1:52 of 3rd period - Stopped by Igor Shesterkin without a rebound.
1:53 of 3rd period - Ryan O'Reilly wins face-off versus Marcus Johansson in Rangers zone.
1:54 of 3rd period - Shot by Matt Dumba.
1:54 of 3rd period - Shot Misses the Net.
1:56 of 3rd period - Shot by Ryan McDonagh.
1:56 of 3rd period - Shot Misses the Net.
2:12 of 3rd period - Shot by Ryan O'Reilly.
2:12 of 3rd period - Deflect By Steven Stamkos.
2:12 of 3rd period - Shot Misses the Net.
2:14 of 3rd period - Shot by Ryan O'Reilly.
2:14 of 3rd period - Shot Misses the Net.
2:16 of 3rd period - Shot by Matt Dumba.
2:16 of 3rd period - Shot Misses the Net.
2:25 of 3rd period - Icing by Kyle Okposo.
2:26 of 3rd period - Anthony Cirelli wins face-off versus Wayne Simmonds in Rangers zone.
2:30 of 3rd period - Anthony Cirelli is hit by Jordie Benn.
2:39 of 3rd period - Off-side.
2:40 of 3rd period - Pierre-Luc Dubois wins face-off versus Cedric Paquette in neutral zone.
3:23 of 3rd period - Shot by Artturi Lehkonen.
3:23 of 3rd period - Shot Misses the Net.
3:49 of 3rd period - Shot by Steven Stamkos.
3:49 of 3rd period - Shot Misses the Net.
4:01 of 3rd period - Shot by Steven Stamkos.
4:01 of 3rd period - Stopped by Igor Shesterkin without a rebound.
4:02 of 3rd period - Anthony Cirelli wins face-off versus Marcus Johansson in Rangers zone.
4:05 of 3rd period - Shot by Oliver Bjorkstrand.
4:05 of 3rd period - Shot Misses the Net.
4:07 of 3rd period - Shot by Anthony Cirelli.
4:07 of 3rd period - Stopped by Igor Shesterkin without a rebound.
4:08 of 3rd period - Anthony Cirelli wins face-off versus Wayne Simmonds in Rangers zone.
4:21 of 3rd period - Shot by Anthony Cirelli.
4:21 of 3rd period - Stopped by Igor Shesterkin without a rebound.
4:22 of 3rd period - Marcus Johansson wins face-off versus Ryan O'Reilly in Rangers zone.
4:22 of 3rd period - Kevin Connauton is hit by Chris Kreider and loses puck.
4:31 of 3rd period - Shot by Ryan O'Reilly.
4:31 of 3rd period - Shot Blocked by Marcus Johansson.
4:33 of 3rd period - Shot by Steven Stamkos.
4:33 of 3rd period - Stopped by Igor Shesterkin with a rebound.
4:35 of 3rd period - Shot by Ryan McDonagh.
4:35 of 3rd period - Stopped by Igor Shesterkin without a rebound.
4:36 of 3rd period - Anthony Cirelli wins face-off versus Wayne Simmonds in Rangers zone.
4:36 of 3rd period - Anthony Cirelli is hit by Ryan Lindgren.
4:39 of 3rd period - Anthony Mantha is hit by Ryan Lindgren and loses puck.
4:45 of 3rd period - Off-side.
4:46 of 3rd period - Ryan O'Reilly wins face-off versus Marcus Johansson in neutral zone.
5:01 of 3rd period - Shot by Marcus Johansson.
5:01 of 3rd period - Shot Misses the Net.
6:26 of 3rd period - Shot by Alex Chiasson.
6:26 of 3rd period - Shot Blocked by Ryan McDonagh.
6:33 of 3rd period - Icing by Ryan McDonagh.
6:34 of 3rd period - Ryan O'Reilly wins face-off versus Pierre-Luc Dubois in Blue Jackets zone.
6:34 of 3rd period - Ryan O'Reilly is hit by Trevor Zegras.
6:41 of 3rd period - Matt Dumba is hit by Pierre-Luc Dubois and loses puck.
6:45 of 3rd period - Off-side.
6:46 of 3rd period - Anthony Cirelli wins face-off versus Kyle Turris in neutral zone.
6:46 of 3rd period - Erik Cernak is hit by Joel Kiviranta and loses puck.
6:50 of 3rd period - Off-side.
6:51 of 3rd period - Pierre-Luc Dubois wins face-off versus Anthony Cirelli in neutral zone.
7:06 of 3rd period - Oliver Bjorkstrand is hit by Bowen Byram and loses puck.
7:12 of 3rd period - Anthony Mantha is hit by Bowen Byram and loses puck.
7:27 of 3rd period - Shot by Anthony Cirelli.
7:27 of 3rd period - Goal by Anthony Cirelli - Rangers : 2 - Blue Jackets : 2.
7:28 of 3rd period - Brian Boyle wins face-off versus Marcus Johansson in neutral zone.
7:32 of 3rd period - Marco Scandella is hit by Ryan Reaves and loses puck.
7:45 of 3rd period - Shot by Matt Martin.
7:45 of 3rd period - Stopped by Igor Shesterkin without a rebound.
7:46 of 3rd period - Cedric Paquette wins face-off versus Wayne Simmonds in Rangers zone.
7:51 of 3rd period - Shot by Artturi Lehkonen.
7:51 of 3rd period - Stopped by Igor Shesterkin without a rebound.
7:52 of 3rd period - Anthony Cirelli wins face-off versus Pierre-Luc Dubois in Rangers zone.
8:09 of 3rd period - Shot by Anthony Cirelli.
8:09 of 3rd period - Shot Misses the Net.
8:12 of 3rd period - Icing by Ryan Lindgren.
8:13 of 3rd period - Brian Boyle wins face-off versus Pierre-Luc Dubois in Rangers zone.
8:16 of 3rd period - Shot by Brian Boyle.
8:16 of 3rd period - Shot Misses the Net.
8:31 of 3rd period - Icing by Ryan Lindgren.
8:32 of 3rd period - Anthony Cirelli wins face-off versus Nils Hoglander in Rangers zone.
8:45 of 3rd period - Shot by Matt Dumba.
8:45 of 3rd period - Shot Blocked by Bowen Byram.
9:08 of 3rd period - Icing by Jordie Benn.
9:09 of 3rd period - Ryan O'Reilly wins face-off versus Ryan Reaves in Rangers zone.
9:25 of 3rd period - Icing by Jordie Benn.
9:26 of 3rd period - Cedric Paquette wins face-off versus Ryan Reaves in Rangers zone.
9:30 of 3rd period - Minor Penalty to Jordie Benn for Hooking.
9:31 of 3rd period - Ryan O'Reilly wins face-off versus Pat Maroon in Rangers zone.
9:58 of 3rd period - Icing by Erik Cernak.
9:59 of 3rd period - Ryan O'Reilly wins face-off versus Pat Maroon in Blue Jackets zone.
9:59 of 3rd period - Steven Stamkos is hit by Pat Maroon and loses puck.
13:06 of 3rd period - Icing by Jordie Benn.
13:07 of 3rd period - Wayne Simmonds wins face-off versus Ryan O'Reilly in Rangers zone.
13:07 of 3rd period - Wayne Simmonds is hit by Chris Kreider.
13:27 of 3rd period - Icing by Steven Stamkos.
13:28 of 3rd period - Chris Kreider wins face-off versus Marcus Johansson in Blue Jackets zone.
13:32 of 3rd period - Off-side.
13:33 of 3rd period - Anthony Cirelli wins face-off versus Ryan Reaves in neutral zone.
13:44 of 3rd period - Shot by Anthony Cirelli.
13:44 of 3rd period - Stopped by Igor Shesterkin without a rebound.
13:45 of 3rd period - Ryan O'Reilly wins face-off versus Pierre-Luc Dubois in Rangers zone.
13:48 of 3rd period - Shot by Steven Stamkos.
13:48 of 3rd period - Deflect By Ryan O'Reilly.
13:48 of 3rd period - Shot Blocked by Kevin Connauton.
13:54 of 3rd period - Shot by Ryan O'Reilly.
13:54 of 3rd period - Deflect By Steven Stamkos.
13:54 of 3rd period - Stopped by Igor Shesterkin without a rebound.
13:55 of 3rd period - Marcus Johansson wins face-off versus Anthony Cirelli in Rangers zone.
14:00 of 3rd period - Oliver Bjorkstrand is hit by Ryan Reaves.
14:12 of 3rd period - Shot by Anthony Mantha.
14:12 of 3rd period - Stopped by Igor Shesterkin without a rebound.
14:13 of 3rd period - Ryan O'Reilly wins face-off versus Kyle Turris in Rangers zone.
14:13 of 3rd period - Minor Penalty to Kevin Connauton for High sticking.
14:14 of 3rd period - Pat Maroon wins face-off versus Ryan O'Reilly in Rangers zone.
14:31 of 3rd period - Shot by Pierre-Luc Dubois.
14:31 of 3rd period - Deflect By Pat Maroon.
14:31 of 3rd period - Stopped by Marc-Andre Fleury with a rebound.
14:47 of 3rd period - Shot by Matt Dumba.
14:47 of 3rd period - Shot Misses the Net.
14:49 of 3rd period - Shot by Ryan McDonagh.
14:49 of 3rd period - Shot Misses the Net.
14:51 of 3rd period - Shot by Matt Dumba.
14:51 of 3rd period - Shot Misses the Net.
14:53 of 3rd period - Shot by Ryan McDonagh.
14:53 of 3rd period - Shot Blocked by Ryan Lindgren.
14:57 of 3rd period - Shot by Steven Stamkos.
14:57 of 3rd period - Stopped by Igor Shesterkin without a rebound.
14:58 of 3rd period - Marcus Johansson wins face-off versus Anthony Cirelli in Rangers zone.
15:04 of 3rd period - Icing by Oliver Bjorkstrand.
15:05 of 3rd period - Marcus Johansson wins face-off versus Anthony Cirelli in Blue Jackets zone.
16:09 of 3rd period - Shot by Ryan McDonagh.
16:09 of 3rd period - Shot Misses the Net.
16:11 of 3rd period - Shot by Ryan O'Reilly.
16:11 of 3rd period - Deflect By Chris Kreider.
16:11 of 3rd period - Stopped by Igor Shesterkin without a rebound.
16:12 of 3rd period - Marcus Johansson wins face-off versus Ryan O'Reilly in Rangers zone.
16:12 of 3rd period - Bowen Byram is hit by Chris Kreider and loses puck.
16:36 of 3rd period - Kyle Okposo is hit by Matt Dumba and loses puck.
16:49 of 3rd period - Icing by Kyle Okposo.
16:50 of 3rd period - Alex Chiasson wins face-off versus Ryan O'Reilly in Rangers zone.
17:03 of 3rd period - Shot by Chris Kreider.
17:03 of 3rd period - Stopped by Igor Shesterkin without a rebound.
17:04 of 3rd period - Marcus Johansson wins face-off versus Brian Boyle in Rangers zone.
17:14 of 3rd period - Off-side.
17:15 of 3rd period - Kyle Turris wins face-off versus Anthony Cirelli in neutral zone.
17:56 of 3rd period - Shot by Anthony Mantha.
17:56 of 3rd period - Shot Blocked by Joel Kiviranta.
17:58 of 3rd period - Shot by Ryan McDonagh.
17:58 of 3rd period - Shot Misses the Net.
19:04 of 3rd period - Marcus Johansson is hit by Cedric Paquette and loses puck.
19:11 of 3rd period - Ryan Lindgren is hit by Cedric Paquette and loses puck.
19:25 of 3rd period - Icing by Marco Scandella.
19:26 of 3rd period - Cedric Paquette wins face-off versus Pierre-Luc Dubois in Blue Jackets zone.
Goals for this period are 0 for Rangers vs 1 for Blue Jackets.
Shots for this period are 1 for Rangers vs 15 for Blue Jackets.

Overtime #1


0:01 of 1st overtime period - Steven Stamkos wins face-off versus Trevor Zegras in neutral zone.
0:15 of 1st overtime period - Off-side.
0:16 of 1st overtime period - Trevor Zegras wins face-off versus Steven Stamkos in neutral zone.
0:25 of 1st overtime period - Shot by Trevor Zegras.
0:25 of 1st overtime period - Stopped by Marc-Andre Fleury with a rebound.
0:27 of 1st overtime period - Shot by Trevor Zegras.
0:27 of 1st overtime period - Shot Misses the Net.
0:29 of 1st overtime period - Shot by Trevor Zegras.
0:29 of 1st overtime period - Shot Misses the Net.
1:15 of 1st overtime period - Shot by Ryan Reaves.
1:15 of 1st overtime period - Shot Misses the Net.
1:35 of 1st overtime period - Shot by Pierre-Luc Dubois.
1:35 of 1st overtime period - Shot Misses the Net.
2:23 of 1st overtime period - Shot by Anthony Cirelli.
2:23 of 1st overtime period - Stopped by Igor Shesterkin with a rebound.
2:39 of 1st overtime period - Shot by Anthony Cirelli.
2:39 of 1st overtime period - Shot Misses the Net.
3:21 of 1st overtime period - Shot by Anthony Mantha.
3:21 of 1st overtime period - Stopped by Igor Shesterkin without a rebound.
3:22 of 1st overtime period - Trevor Zegras wins face-off versus Oliver Bjorkstrand in Rangers zone.
3:34 of 1st overtime period - Shot by Chris Kreider.
3:34 of 1st overtime period - Shot Misses the Net.
3:36 of 1st overtime period - Shot by Oliver Bjorkstrand.
3:36 of 1st overtime period - Shot Hit the Post.
3:38 of 1st overtime period - Shot by Oliver Bjorkstrand.
3:38 of 1st overtime period - Shot Misses the Net.
3:46 of 1st overtime period - Shot by Oliver Bjorkstrand.
3:46 of 1st overtime period - Stopped by Igor Shesterkin with a rebound.
3:48 of 1st overtime period - Shot by David Savard.
3:48 of 1st overtime period - Shot Misses the Net.
Goals for this period are 0 for Rangers vs 0 for Blue Jackets.
Shots for this period are 1 for Rangers vs 3 for Blue Jackets.

ShootOut


5:00 of 1st overtime period - Round #1.
5:00 of 1st overtime period - Rangers, Pierre-Luc Dubois.
5:00 of 1st overtime period - Stopped by Marc-Andre Fleury.
5:00 of 1st overtime period - Blue Jackets, Ryan O'Reilly.
5:00 of 1st overtime period - Shot Misses the Net.
5:00 of 1st overtime period - Round #2.
5:00 of 1st overtime period - Rangers, Pat Maroon.
5:00 of 1st overtime period - Stopped by Marc-Andre Fleury.
5:00 of 1st overtime period - Blue Jackets, Anthony Cirelli.
5:00 of 1st overtime period - Stopped by Igor Shesterkin.
5:00 of 1st overtime period - Round #3.
5:00 of 1st overtime period - Rangers, Trevor Zegras.
5:00 of 1st overtime period - Goal by Trevor Zegras.
5:00 of 1st overtime period - Blue Jackets, Steven Stamkos.
5:00 of 1st overtime period - Stopped by Igor Shesterkin.




Output by the SimonT Hockey Simulator (STHS) for Eric Henault - Original Page W3C HTML5 Valid
Hockey Simulator - Hockey Simulation - Hockey Manager